 Dungeon Crawl Stone Soup version 0.22-a0-362-g535178c (webtiles) character file.

4684 Amnesiac the Nimble (level 10, -12/79 HPs)
             Began as a Mummy Necromancer on Apr 19, 2018.
             Was a Follower of Sif Muna.
             Mangled by a shadow (32 damage)
             ... summoned by the malice of Kikubaaqudgha
             ... on level 8 of the Dungeon.
             The game lasted 00:16:47 (10627 turns).

Amnesiac the Nimble (Mummy Necromancer)            Turns: 10627, Time: 00:16:48

Health: -12/79     AC:  7    Str: 11    XL:     10   Next: 21%
Magic:  0/22       EV: 17    Int: 18    God:    Sif Muna [*.....]
Gold:   329        SH:  0    Dex: 13    Spells: 11/25 levels left

rFire    . . .     SeeInvis .   b - +2 scimitar (flame)
rCold    + . .     Gourm    .   (no shield)
rNeg     + + +     Faith    .   j - +2 robe {rF+}
rPois    ∞         Spirit   .   i - +1 helmet
rElec    .         Reflect  .   (no cloak)
rCorr    .         Harm     .   (no gloves)
MR       +....     Rnd*Tele +   l - +0 pair of boots
Stlth    +.........             (no amulet)
HPRegen  0.23/turn              m - ring of loudness (curse)
MPRegen  0.18/turn              k - ring of teleportation (curse)

@: no casting
A: no food or potions, fire vulnerability, cold resistance 1, negative energy
resistance 3, torment resistance, unbreathing
a: Stop Divine Energy, Renounce Religion


You were on level 8 of the Dungeon.
You worshipped Sif Muna.
Sif Muna was aware of your devotion.
You were not hungry.

You visited 2 branches of the dungeon, and saw 9 of its levels.

You collected 329 gold pieces.

Inventory:

Hand Weapons
 a - a +1 hunting sling
 b - a +2 scimitar of flaming (weapon)
 s - a +0 dagger of pain
Missiles
 d - 169 stones (quivered)
 q - 18 sling bullets
Armour
 i - a +1 helmet (worn)
 j - a +2 robe of fire resistance (worn)
 l - a +0 pair of boots (worn)
 z - a +1 cloak
Jewellery
 e - an uncursed ring of protection from cold
 g - an uncursed ring of protection from fire
 h - an uncursed ring of flight
 k - a cursed ring of teleportation (right hand)
 m - a cursed ring of loudness (left hand)
 t - an uncursed ring of resist corrosion {unknown}
 v - an uncursed ring of resist corrosion {unknown}
 w - an uncursed ring of protection from magic {unknown}
Wands
 o - a wand of random effects (17)
 u - a wand of disintegration (17)
 x - a wand of paralysis (14)
Scrolls
 c - 5 scrolls of fog {!r}
 f - a scroll of acquirement {!r}
 n - 7 scrolls of identify {!r}
 p - a scroll of magic mapping {!r}
 r - a scroll of enchant weapon {!r}
 y - a scroll of remove curse {!r}


   Skills:
 - Level 7.1 Fighting
 - Level 8.7 Dodging
 - Level 1.5 Stealth
 - Level 8.0 Spellcasting
 + Level 6.9 Necromancy


You had 11 spell levels left.
You knew the following spells:

 Your Spells              Type           Power        Failure   Level  Hunger
a - Bolt of Draining      Conj/Necr      ###.......   54%         5    N/A
c - Pain                  Necr           ####         1%          1    N/A
d - Vampiric Draining     Necr           ####......   1%          3    N/A
e - Dispel Undead         Necr           ####....     16%         5    N/A

Dungeon Overview and Level Annotations

Branches:
Dungeon (8/15)             Temple (1/1) D:5
   Lair: D:8-11

Altars:
Ashenzari
Cheibriados
Dithmenos
Elyvilon
Fedhas
Gozag
Hepliaklqana
Kikubaaqudgha
Makhleb
Nemelex Xobeh
Okawaru
Qazlal
Sif Muna
Trog
Uskayaw
Vehumet
Wu Jian
Xom
Yredelemnul
Zin
The Shining One


Innate Abilities, Weirdness & Mutations

You do not eat or drink.
Your flesh is vulnerable to fire.
You are immune to poison.
Your flesh is cold resistant. (rC+)
You are immune to negative energy. (rN+++)
You are immune to unholy pain and torment.
You can survive without breathing.


Message History

The eye of draining is lightly wounded.
The eye of draining gazes at you.
You feel your power leaking away.
The centaur warrior skeleton hits you but does no damage.
The shadow slips into darkness.
The shadow flickers and vanishes!
Deactivating autopickup; reactivate with Ctrl-A.
The eye of draining gazes at you.
You feel your power leaking away.
The shadow strikes at you from the darkness!
Reactivating autopickup.
The shadow slips into darkness.
The shadow flickers and vanishes!
Deactivating autopickup; reactivate with Ctrl-A.
You are suddenly yanked towards some nearby monsters!
Your surroundings seem slightly different.
The shadow strikes at you from the darkness!
* * * LOW HITPOINT WARNING * * *
Reactivating autopickup.
An ice beast comes into view.
The eye of draining gazes at you.
You feel your power leaking away.
Casting: Vampiric Draining (safe; 1% risk of failure)
Confirm with . or Enter, or press ? or * to list all spells.
Aiming: Dispel Undead (quite dangerous; 16% risk of failure)
Press: ? - help, Shift-Dir - straight line, f - shadow
Aim: a shadow (summoned)
The shadow convulses!
Sif Muna grants you divine energy.
You briefly lose access to your magic!
The shadow misses you. The eye of draining gazes at you.
Unknown command.
You are unable to access your magic!
Unknown command.
The shadow slips into darkness.
The shadow flickers and vanishes!
Deactivating autopickup; reactivate with Ctrl-A.
You hit something but do no damage.
The shadow strikes at you from the darkness!
* * * LOW HITPOINT WARNING * * *
Reactivating autopickup.
Unknown command.
You regain access to your magic.
The shadow slips into darkness.
The shadow flickers and vanishes!
Deactivating autopickup; reactivate with Ctrl-A.
Okay, then.
You hit the shadow. You burn the shadow.
You destroy the shadow!
Casting: Dispel Undead (quite dangerous; 16% risk of failure)
Confirm with . or Enter, or press ? or * to list all spells.
You can't see any susceptible monsters within range! (Use Z to cast anyway.) Unknown command.
Casting: Dispel Undead (quite dangerous; 16% risk of failure)
Confirm with . or Enter, or press ? or * to list all spells.
Aiming: Dispel Undead (quite dangerous; 16% risk of failure)
Press: ? - help, Shift-Dir - straight line Nothing appears to happen.
Sif Muna grants you divine energy.
You briefly lose access to your magic!
Unknown command.
You slash something! You burn something.
The shadow strikes at you from the darkness!
You die...

.# ####.....# ....## .#
.........###### # ...
.............. .. ....
........##.# #.. ...##
#....W.Z.# .... ...#
#...Z.##Y# ...# ...
#...§.##.# ...# ..#
#....§##{### ...
#.....##.@.#.#
#.####.###.....#.#
#...##§###.....#.#
#..............##.
#.................
#.........._..##.#
.......#.###......##.#
.........# #......##.#
..........###.....###.#


You could see an ice beast and a centaur warrior skeleton.

Vanquished Creatures
  2 centaur zombies (D:7)
  A centaur skeleton (D:7)
  Grinder (D:3)
  3 yaks (D:4)
  A hungry ghost (D:7)
  A steam dragon (D:8)
  Menkaure (D:5)
  2 sky beasts
  3 orc warriors
  An ice beast (D:6)
  A phantom (D:8)
  A centaur (D:7)
  2 ogres
  Blork the orc (D:5)
  A hippogriff zombie (D:7)
  A bullfrog (D:6)
  A wyvern skeleton (D:7)
  A troll zombie (D:7)
  8 wights
  8 killer bees
  4 howler monkeys
  A quasit (D:6)
  2 orc priests
  A jelly (D:6)
  4 hounds
  2 iguanas (D:8)
  7 orc wizards
  2 worker ants
  2 hound zombies (D:8)
  A hound skeleton (D:8)
  A worker ant zombie (D:5)
  Robin (D:2)
  7 adders
  2 shadow imps (D:7)
  2 oozes
  An adder zombie (D:7)
  2 adder skeletons (D:4)
  2 worms
  A dart slug (D:2)
  3 leopard geckos
  25 orcs
  4 giant cockroaches
  15 goblins
  16 hobgoblins
  8 jackals
  7 kobolds
  4 quokkas
  8 bats
  3 frilled lizards
  A jackal zombie (D:5)
  3 orc zombies (D:7)
  A quokka zombie (D:7)
  8 rats
192 creatures vanquished.

Vanquished Creatures (others)
  An orc (D:7)
  3 withered plants (D:7)
4 creatures vanquished.

Grand Total: 196 creatures vanquished

Notes
Turn   | Place    | Note
-------+----------+-------------------------------------------
     0 | D:1      | Amnesiac the Mummy Necromancer began the quest for the Orb.
     0 | D:1      | Reached XP level 1. HP: 13/13 MP: 4/4
   111 | D:2      | Noticed Robin
   140 | D:1      | Reached XP level 2. HP: 2/20 MP: 0/5
   772 | D:1      | Reached skill level 1 in Fighting
   925 | D:1      | Reached XP level 3. HP: 24/26 MP: 2/7
   930 | D:1      | Learned a level 3 spell: Vampiric Draining
  1001 | D:2      | Killed Robin
  1146 | D:2      | Found a basalt altar of Yredelemnul.
  1169 | D:2      | Found a stormy altar of Qazlal.
  1364 | D:2      | Reached XP level 4. HP: 14/32 MP: 4/8
  1926 | D:4      | Found a white marble altar of Elyvilon.
  2064 | D:4      | Found an ancient bone altar of Kikubaaqudgha.
  2074 | D:4      | Became a worshipper of Kikubaaqudgha
  2407 | D:1      | Reached XP level 5. HP: 38/38 MP: 9/9
  2899 | D:3      | Noticed Grinder
  2995 | D:3      | Paralysed by Grinder for 5 turns
  3022 | D:3      | Paralysed by Grinder for 4 turns
  3033 | D:3      | Paralysed by Grinder for 4 turns
  3046 | D:3      | Paralysed by Grinder for 3 turns
  3061 | D:3      | Killed Grinder
  3061 | D:3      | Reached skill level 5 in Necromancy
  3061 | D:3      | Reached XP level 6. HP: 11/46 MP: 10/10
  3134 | D:3      | Reached * piety under Kikubaaqudgha
  3134 | D:3      | Identified Kikubaaqudgha's Catalogue of Sinister Secrets (Kikubaaqudgha gifted it to you on level 3 of the Dungeon)
  3134 | D:3      | Received a gift from Kikubaaqudgha
  4100 | D:5      | Entered Level 5 of the Dungeon
  4128 | D:5      | Noticed Menkaure
  4137 | D:5      | Killed Menkaure
  4137 | D:5      | Reached XP level 7. HP: 41/53 MP: 11/11
  4261 | D:5      | Found a shimmering altar of Xom.
  4264 | D:5      | Found a bloodstained altar of Trog.
  4308 | D:5      | Reached skill level 5 in Dodging
  4319 | D:5      | Found a staircase to the Ecumenical Temple.
  4334 | Temple   | Entered the Ecumenical Temple
  4508 | D:5      | Noticed Blork the orc
  4693 | D:5      | Killed Blork the orc
  4808 | D:5      | Found a radiant altar of Vehumet.
  4810 | D:5      | Noticed a yak
  4810 | D:5      | Noticed a yak
  4811 | D:5      | Noticed a yak
  4842 | D:4      | Killed a yak
  4964 | D:4      | Killed a yak
  4964 | D:4      | Reached skill level 5 in Fighting
  4964 | D:4      | Reached XP level 8. HP: 23/62 MP: 0/12
  5564 | D:5      | Reached ** piety under Kikubaaqudgha
  5864 | D:6      | Found a bloodstained altar of Trog.
  6715 | D:6      | Reached XP level 9. HP: 65/70 MP: 13/13
  7146 | D:7      | Found a shattered altar of Ashenzari.
  7161 | D:7      | Noticed a hellwing
  7170 | D:7      | Noticed a hellwing
  7767 | D:7      | Reached *** piety under Kikubaaqudgha
  7767 | D:7      | Identified Kikubaaqudgha's Catalogue of Black Arts (Kikubaaqudgha gifted it to you on level 7 of the Dungeon)
  7767 | D:7      | Received a gift from Kikubaaqudgha
  7769 | D:7      | Fell from the grace of Kikubaaqudgha
  7834 | Temple   | Became a worshipper of Sif Muna the Loreminder
  7841 | Temple   | Learned a level 5 spell: Dispel Undead
  7847 | Temple   | Learned a level 5 spell: Bolt of Draining
  9229 | D:7      | Reached skill level 5 in Spellcasting
  9356 | D:7      | Reached * piety under Sif Muna
  9364 | D:7      | Reached XP level 10. HP: 42/79 MP: 18/20
  9577 | D:7      | Identified a scroll of acquirement {!r}
  9682 | D:7      | Noticed a deep elf mage
  9725 | D:8      | Found a glowing golden altar of the Shining One.
 10607 | D:8      | Found a shadowy altar of Dithmenos.
 10627 | D:8      | Mangled by a shadow

Vault maps used:
D:1:      erik_arrival_triangle_large, serial_glass, glass_columns_b,
          glass_columns_b, feat_on_display, minmay_strange_pillars
D:2:      minmay_wonky_spiral, minitemple, first_ration, uniq_robin
D:3:      uniq_grinder
D:4:      kiku_gazebo_garden_becter, kennysheep_mini, serial_forest,
          infiniplex_forest_clump_large, infiniplex_forest_fountain,
          infiniplex_forest_clump_tiny, infiniplex_forest_end_1,
          infiniplex_forest_clump_medium, infiniplex_forest_3_way,
          infiniplex_forest_lined_ring
D:5:      lemuel_round_altar, nicolae_overflow_hidden_temple,
          minmay_temple_entry_butterflies, roderic_lattice_a,
          uniq_blork_the_orc, uniq_menkaure
D:6:      trog_book
D:7:      cheibrodos_grave_circle, kennysheep_mini_moat,
          minmay_misc_feat_more_columns, david_defended_altar_elf
D:8:      grunt_dithmenos_smoke, basic_altar
Temple:   minmay_temple_bridge_abc

Skill      XL: |  1  2  3  4  5  6  7  8  9 10 |
---------------+-------------------------------+-----
Dodging        | 2 3 4 6 7 8 |  8.7
Spellcasting   | 3 7 8 |  8.0
Fighting       | 1 2 3 5 6 7 |  7.1
Necromancy     | 5 6 |  6.9
Stealth        | |  1.5

Action                   |  1- 3 |  4- 6 |  7- 9 | 10-12 || total
-------------------------+-------+-------+-------+-------++-------
Melee: Unarmed           |     8 |       |       |       ||     8
       Scimitar          |       |       |   162 |    64 ||   226
       Hunting sling     |       |       |     1 |       ||     1
 Fire: Hunting sling     |    44 |   181 |    96 |       ||   321
 Cast: Pain              |    51 |    22 |    93 |       ||   166
       Vampiric Draining |     1 |     6 |    25 |     1 ||    33
       Dispel Undead     |       |       |     2 |    10 ||    12
       Bolt of Draining  |       |       |       |     1 ||     1
Invok: Renounce Religion |       |       |     1 |       ||     1
       Divine Energy     |       |       |       |     1 ||     1
Evoke: Wand              |       |       |     2 |       ||     2
  Use: Scroll            |     1 |     5 |     3 |     1 ||    10
Armor: Robe              |     9 |    22 |   125 |    25 ||   181
Dodge: Dodged            |    55 |    63 |   341 |    83 ||   542
       Rpst.: Scimitar   |       |       |    82 |    27 ||   109

Table legend:
 A = Spawn XP
 B = Non-spawn XP
 C = Spawn XP percentage of total XP
 D = Spawn monster count
 E = Non-spawn monster count
 F = Spawn count percentage of total count
 G = Total turns spent on level
                    A         B        C        D         E        F      G
               +---------+---------+-------+---------+---------+-------+---------
         Total |       0 |    6692 |   0.0 |       0 |     183 |   0.0 | 10627
               +---------+---------+-------+---------+---------+-------+---------
           D:1 |       0 |      56 |   0.0 |       0 |      31 |   0.0 |  1258
           D:2 |       0 |      77 |   0.0 |       0 |      28 |   0.0 |  1055
           D:3 |       0 |     376 |   0.0 |       0 |      20 |   0.0 |   989
           D:4 |       0 |     768 |   0.0 |       0 |      13 |   0.0 |  1168
           D:5 |       0 |     477 |   0.0 |       0 |      15 |   0.0 |   973
           D:6 |       0 |    1482 |   0.0 |       0 |      32 |   0.0 |  2979
           D:7 |       0 |    2374 |   0.0 |       0 |      23 |   0.0 |  1039
           D:8 |       0 |    1028 |   0.0 |       0 |      20 |   0.0 |   921
        Temple |       0 |      54 |   0.0 |       0 |       1 |   0.0 |   245
               +---------+---------+-------+---------+---------+-------+---------
